 Dungeon Crawl Stone Soup version 0.31.0-9-g3a7656b989 (webtiles) character file.

Game seed: 17976276650084462697

114 qw the Skirmisher (level 4, -2/25 HPs)
             Began as a Deep Elf Hunter on Feb 2, 2024.
             Slain by a white imp (4 damage)
             ... summoned by Eustachio
             ... on level 4 of the Dungeon.
             The game lasted 00:00:08 (2417 turns).

qw the Skirmisher (Deep Elf Hunter)                 Turns: 2417, Time: 00:00:09

Health: -2/25      AC: 11    Str: 10    XL:     4   Next: 67%
Magic:  6/6        EV: 11    Int: 16    God:
Gold:   146        SH:  0    Dex: 23    Spells: 3/3 levels left

rFire   . . .        a - +2 shortbow
rCold   . . .        (shield currently unavailable)
rNeg    + . .        k - +0 ring mail
rPois   +            (no helmet)
rElec   .            e - +1 cloak
rCorr   .            (no gloves)
SInv    .            (no boots)
Will    .....        g - amulet of regeneration
Stlth   ++           c - ring of Acvibeh {rPois rN+ AC+4 Int+2 Dex+5}
HPRegen 1.04/turn    (no ring)
MPRegen 0.10/turn

%: no passive effects
@: no status effects
A: no striking features
a: no special abilities


You were on level 4 of the Dungeon.
You visited 1 branch of the dungeon, and saw 4 of its levels.

You collected 146 gold pieces.


   Skills:
 - Level 1.5 Fighting
 + Level 8.1 Ranged Weapons
 - Level 2.4 Dodging
 - Level 1.2 Stealth


You had 3 spell levels left.
You didn't know any spells.
Your spell library was empty.

Inventory:

Hand Weapons
 a - a +2 shortbow (weapon)
Armour
 e - a +1 cloak (worn)
 k - a +0 ring mail (worn)
Jewellery
 c - the ring of Acvibeh (left hand) {rPois rN+ AC+4 Int+2 Dex+5}
   (You acquired it on level 3 of the Dungeon)

   [ring of protection]

   AC+4:      It affects your AC (+4).
   Int+2:     It affects your intelligence (+2).
   Dex+5:     It affects your dexterity (+5).
   rPois:     It protects you from poison rN+: It protects you from negative
   energy.
 d - a ring of magical power
 g - an amulet of regeneration (around neck)
Wands
 l - a wand of charming (15)
Potions
 b - a potion of resistance
 f - 3 potions of might
 h - a potion of ambrosia {unknown}
 i - a potion of invisibility {unknown}
 j - a potion of curing {unknown}
 m - a potion of degeneration {unknown}

Dungeon Overview and Level Annotations

Branches:
Dungeon (4/15)
 Temple: D:4-7

Altars:
Wu Jian

Annotations:
D:3 1 runed translucent door, Crazy Yiuf
D:4 Eustachio


Message History

The quokka bites you but does no damage.
Eustachio closely misses you.
You shoot an arrow. The arrow barely misses Eustachio.
The bat misses you. The bat hits you. The bat barely misses you. x2
The bat hits you but does no damage. The quokka misses you.
Eustachio casts a spell.
Eustachio blinks!
The bat barely misses you.
The quokka bites you but does no damage.
You shoot an arrow. The arrow hits Eustachio.
Eustachio is lightly wounded.
The bat hits you but does no damage. x3; The bat barely misses you.
The bat hits you but does no damage. Eustachio barely misses you.
The quokka bites you but does no damage.
The bat misses you.
You shoot an arrow. The arrow closely misses Eustachio.
The bat barely misses you. The bat closely misses you.
The bat hits you but does no damage. x2; The quokka closely misses you.
Eustachio hits you but does no damage. The bat barely misses you.
You shoot an arrow. The arrow closely misses Eustachio.
The bat hits you but does no damage. The bat barely misses you.
The bat hits you but does no damage. x2; The bat closely misses you.
The quokka bites you but does no damage.
The bat barely misses you. Eustachio hits you with a +0 rapier.
The bat hits you but does no damage. The quokka closely misses you.
You shoot an arrow. The arrow hits Eustachio.
Eustachio is lightly wounded.
The bat hits you but does no damage. x2; The bat closely misses you.
Eustachio gestures wildly while chanting.
The quokka bites you.
2416 ||| RETREEEEATING.
The bat hits you but does no damage. x2; Eustachio closely misses you.
The white imp gestures at you. The puff of frost hits you!
The crimson imp hits you.
2417 ||| RETREEEEATING.
The bat hits you but does no damage. The bat closely misses you.
Eustachio hits you with a +0 rapier.
The iron imp hits you but does no damage.
The white imp attacks as it pursues you!
The white imp hits you. The white imp freezes you.
You die...

## #.. #.######
#########.#....##
#......##.#.....#
#...55.##....#..#
#..b.r@##[......#
#...bb@5........#
#####r###........
#.#..<..).###
#.#####'#.... ...
# ### ... ....
.....


You could see Eustachio, an iron imp (summoned), a crimson imp (summoned), a
white imp (summoned), a quokka, 3 bats and a rat (summoned).

Vanquished Creatures
  5 adders
  2 ribbon worms (D:3)
  2 dart slugs
  10 endoplasms
  3 giant cockroaches
  7 hobgoblins
  3 jackals (D:1)
  A quokka (D:3)
  4 ball pythons
  5 bats
  2 frilled lizards
  5 goblins
  3 kobolds
  5 rats
57 creatures vanquished.

Notes
Turn   | Place    | Note
-------+----------+-------------------------------------------
     0 | D:1      | qw the Deep Elf Hunter began the quest for the Orb.
     0 | D:1      | Reached XP level 1. HP: 12/12 MP: 3/3
     0 | D:1      | 0 ||| qw: Version: 0.3-a-155-g5e7d8dd
     0 | D:1      | 0 ||| qw: Game counter: 2321
     0 | D:1      | 0 ||| qw: Melee chars always use a shield: true
     0 | D:1      | 0 ||| qw: God list: Okawaru
     0 | D:1      | 0 ||| qw: Allow faded altars: false
     0 | D:1      | 0 ||| qw: Do Orc after clearing Dungeon:15 true
     0 | D:1      | 0 ||| qw: Do second Lair branch before Depths: true
     0 | D:1      | 0 ||| qw: Lair rune preference: random
     0 | D:1      | 0 ||| qw: Goals: Normal
     0 | D:1      | 0 ||| PLANNING D:1-11
   224 | D:1      | Reached XP level 2. HP: 16/16 MP: 4/4
   256 | D:1      | Reached skill level 6 in Ranged Weapons
   661 | D:1      | 661 ||| UPGRADING to +0 cloak.
   666 | D:1      | 666 ||| UPGRADING to amulet of regeneration.
   671 | D:1      | 671 ||| READING scroll labelled GUIDAASAIR.
   672 | D:1      | 672 ||| READING scroll labelled YFEOMU XOPS.
   672 | D:1      | 672 ||| IDENTIFYING fuming puce potion
   673 | D:1      | 673 ||| DROPPING scroll of butterflies.
   841 | D:2      | Reached XP level 3. HP: 20/20 MP: 5/5
   982 | D:2      | Reached skill level 7 in Ranged Weapons
  1077 | D:2      | Found a faded altar of an unknown god.
  1296 | D:2      | Reached XP level 4. HP: 24/25 MP: 6/6
  1628 | D:2      | 1628 ||| UPGRADING to +0 ring mail.
  1638 | D:2      | 1638 ||| DROPPING +0 leather armour.
  1639 | D:2      | 1639 ||| READING 2 scrolls labelled KIMISI ACZATIK.
  1639 | D:2      | 1639 ||| ENCHANTING +0 shortbow.
  1640 | D:2      | 1640 ||| READING scroll of enchant weapon.
  1640 | D:2      | 1640 ||| ENCHANTING +1 shortbow.
  1641 | D:2      | 1641 ||| READING scroll labelled TOJEJOADGHECS.
  1641 | D:2      | 1641 ||| ENCHANTING +0 cloak.
  1642 | D:2      | 1642 ||| READING scroll labelled RUUCRA XE VEPN.
  1645 | D:2      | 1645 ||| READING scroll labelled ONUPSU EPUX WAH.
  1646 | D:2      | 1646 ||| DRINKING 2 sedimented coppery potions.
  1661 | D:3      | 1661 ||| STAIRDANCE
  1683 | D:3      | Found a runed translucent door.
  1684 | D:3      | Noticed Crazy Yiuf
  1906 | D:3      | Found an ornate altar of the Wu Jian Council.
  2267 | D:3      | Reached skill level 8 in Ranged Weapons
  2343 | D:3      | 2343 ||| READING scroll labelled WUZONY BECW.
  2343 | D:3      | Identified a scroll of acquirement
  2343 | D:3      | 2343 ||| ACQUIRING ring of Acvibeh {rPois rN+ AC+4 Int+2
                  | Dex+5}
  2343 | D:3      | Acquired the ring of Acvibeh {rPois rN+ AC+4 Int+2 Dex+5}
  2345 | D:3      | 2345 ||| UPGRADING to ring of Acvibeh {rPois rN+ AC+4 Int+2
                  | Dex+5}.
  2346 | D:3      | 2346 ||| READING scroll labelled IGHIENKE MOWO.
  2382 | D:4      | 2382 ||| PLANNING SEWER
  2399 | D:4      | Noticed Eustachio
  2416 | D:4      | 2416 ||| RETREEEEATING.
  2417 | D:4      | 2417 ||| RETREEEEATING.
  2417 | D:4      | HP: 3/25 [Eustachio/+0 rapier (6)]
  2417 | D:4      | Slain by a white imp

Levels and vault maps discovered:
D:1:      giann_forest_graveyard, layout_loops_ring
D:2:      layout_basic, shapermc_ecumenical_altar_flowoftime, skrybe_limestone_x
D:3:      layout_basic, mainiacjoe_overflow_boulevard,
          chequers_decorated_corner, grunt_ministairs_8, uniq_crazy_yiuf_cottage
D:4:      layout_basic, slow_altar_2, lightli_sewer_entry_pipes,
          minmay_splitting_lines, dk_rats_in_the_wall, uniq_sigmund,
          uniq_eustachio

Skill      XL: |  1  2  3  4 |
---------------+-------------+-----
Ranged Weapons | 6 7 8 |  8.1
Fighting       | |  1.5
Dodging        | |  2.4
Stealth        | |  1.2

Action                     |  1- 3 |  4- 6 || total
---------------------------+-------+-------++-------
   Fire: Shortbow          |   116 |    65 ||   181
    Use: Scroll            |     2 |     7 ||     9
         Potion            |       |     1 ||     1
 Armour: Leather armour    |    25 |       ||    25
         Ring mail         |       |    53 ||    53
  Dodge: Dodged            |    28 |    37 ||    65

Table legend:
 A = Non-vault XP
 B = Vault XP
 C = Vault XP percentage of total XP
 D = Non-vault monster count
 E = Vault monster count
 F = Vault count percentage of total count
                 A         B        C        D         E       F
            +---------+---------+-------+---------+---------+-------
      Total |     157 |       7 |   4.3 |      55 |       2 |   3.5
            +---------+---------+-------+---------+---------+-------
        D:1 |      34 |       0 |   0.0 |      21 |       0 |   0.0
        D:2 |      70 |       0 |   0.0 |      20 |       0 |   0.0
        D:3 |      45 |       7 |  13.5 |      11 |       2 |  15.4
        D:4 |       8 |       0 |   0.0 |       3 |       0 |   0.0
            +---------+---------+-------+---------+---------+-------
